← All builds
Geo sea / Armada / Economy first / OBSERVED BUILD

Standard geo sea

The role's normal opening: bot lab then shipyard in the cove, an early submarine and destroyer to contest the sea, and a geothermal around 7:45 to fund the transition into destroyers, fast assault corvettes and assault frigates.

Usually shipyard in the cove (87%)

#naval #eco · 636 distinct matches · 100 players · 81% of Armada Geo sea games · team won 54% of 682 · Recently observed

HOW TO PLAY IT

Key timing: Shipyard by 3:13

  1. Open 3 mex and wind into Bot Lab.
  2. Put up Shipyard with naval turret and BP for defense.
  3. Send out "submarine" then "destroyer" to contest the sea.
  4. Bring geothermal online to fund the fleet.
  5. Add Advanced Metal Extractor as the economy transitions.

Phase by phase

TYPICAL OF ITS 636 GAMES
  1. 1
  2. 2
  3. 3
  4. 4
PLAY THE OPENING

Follow the example game's first 6:00 step by step: what to build now, what comes next, and where it goes. At 1× it keeps pace with your own game.

  1. 1

    Up to the Bot Lab

    Economy
    • Metal Extractor3Mex
    • Wind Turbine3Wind
    Order
    1. Bot LabBot Lab after 3 mex, 3 winddone ~1:12, middle half 1:06–1:17

    Some games also: wind for allies (46%)

    By 0:55 in all: 3 mex · 3 wind

    The example game in this phase · 8 steps
    1. Mex ×3
    2. Wind ×8for Suicide front
    3. Wind
    4. Windfor Air
    5. Wind
    6. Windfor Air
    7. Wind
    8. Bot LabBot Labdone 2:01 · typical 1:12
  2. 2

    Bot Lab to Shipyard

    Economy
    • Metal Extractor1Mex
    • Wind Turbine1Wind
    Order
    1. ShipyardShipyard after 4 mex, 4 winddone ~3:11, middle half 2:50–3:36
    Builders
    • Construction Bot3 Con bot
    • Lazarus2 Lazarus

    Some games also: pawn (45%) · con turret (38%) · crossbow (34%)

    By 2:48 in all: 4 mex · 4 wind

    The example game in this phase · 10 steps
    1. LazarusLazarus ×3
    2. Construction BotCon bot ×4
    3. Con turret
    4. LazarusLazarus
    5. Mex
    6. Con turret
    7. PawnPawn
    8. Mex
    9. PawnPawn
    10. ShipyardShipyarddone 4:25 · typical 3:11
  3. 3

    Shipyard to 5:00

    Economy
    • Metal Extractor4Mex
    • Wind Turbine1Wind
    Builders
    • Construction Ship1 Con ship
    Army
    • Dolphin3 Dolphin
    • Skater1 Skater
    • Corsair1 Destroyer
    Other
    • Radar Tower1 Radar Tower

    Some games also: Sentry (45%) · submarine (44%) · con turret (32%) · converter (30%)

    By 5:00 in all: 8 mex · 6 wind · 1 energy storage · 1 con turret

    The example game in this phase · 14 steps
    1. Energy storage
    2. Mex ×2
    3. Wind ×2
    4. Radar TowerRadar Tower
    5. EelSubmarinedone 4:45 · typical 4:22
    6. Radar TowerRadar Tower
    7. Wind ×2
    8. Mex
    9. Wind
    10. Converter
    11. Construction ShipCon ship
    12. Wind
    13. Converter
    14. Wind
  4. 4

    5:00 to 10:00

    Economy
    • Metal Extractor2Mex
    • Wind Turbine12Wind
    • Energy Converter2Converter
    Builders
    • Construction Turret1 Con turret
    • Construction Ship1 Con ship
    • Grim Reaper1 Grim Reaper
    Army
    • Sentry1 Sentry
    • Dolphin5 Dolphin
    • Corsair2 Destroyer
    • Skater2 Skater

    Some games also: Radar Tower (48%) · frigate (42%) · geo (39%) · Harpoon (37%) · Naval Construction Turret (31%)

    By 10:00 in all: 11 mex · 19 wind · 1 geo · 3 converter · 1 energy storage · 2 con turret

    The example game in this phase · 175 steps
    1. Wind
    2. SkaterSkater
    3. Converter
    4. Wind
    5. Mex
    6. DolphinDolphin
    7. Radar TowerRadar Tower
    8. Wind ×2
    9. DolphinDolphin
    10. Wind ×2
    11. DolphinDolphin
    12. Mex
    13. Wind
    14. Dragon's TeethDragon's Teeth
    15. DolphinDolphin
    16. Dragon's TeethDragon's Teeth
    17. Wind
    18. Converter
    19. Dragon's TeethDragon's Teeth
    20. DolphinDolphin
    21. Wind
    22. Dragon's TeethDragon's Teeth ×2
    23. Wind
    24. Dragon's TeethDragon's Teeth
    25. Converter
    26. Dragon's TeethDragon's Teeth
    27. Grim ReaperGrim Reaper
    28. Wind
    29. Dragon's TeethDragon's Teeth ×2
    30. Converter
    31. Dragon's TeethDragon's Teeth ×2
    32. Mex
    33. Dragon's TeethDragon's Teeth ×3
    34. DolphinDolphin
    35. Dragon's TeethDragon's Teeth ×2
    36. Con turret
    37. DolphinDolphin
    38. Dragon's TeethDragon's Teeth
    39. Con turret
    40. Dragon's TeethDragon's Teeth ×3
    41. Advanced Metal ExtractorT2 mexdone 7:35 · typical 9:16
    42. DolphinDolphin
    43. Con turret
    44. Dragon's TeethDragon's Teeth
    45. Naval Radar / Sonar TowerNaval Radar / Sonar Tower
    46. Dragon's TeethDragon's Teeth
    47. Energy storage
    48. Naval Radar / Sonar TowerNaval Radar / Sonar Tower
    49. Dragon's TeethDragon's Teeth
    50. DolphinDolphin
    51. Dragon's TeethDragon's Teeth ×3
    52. DolphinDolphin
    53. Dragon's TeethDragon's Teeth ×3
    54. DolphinDolphin
    55. Dragon's TeethDragon's Teeth
    56. Wind
    57. DolphinDolphin
    58. Dragon's TeethDragon's Teeth
    59. Advanced Metal ExtractorT2 mex
    60. Wind
    61. Naval Radar / Sonar TowerNaval Radar / Sonar Tower
    62. DolphinDolphin
    63. Dragon's TeethDragon's Teeth
    64. Wind
    65. Dragon's TeethDragon's Teeth
    66. DolphinDolphin
    67. Wind
    68. Dragon's TeethDragon's Teeth
    69. DolphinDolphin
    70. Dragon's TeethDragon's Teeth
    71. Grim ReaperGrim Reaper
    72. Wind
    73. Dragon's TeethDragon's Teeth ×4
    74. Wind
    75. Dragon's TeethDragon's Teeth
    76. Advanced Metal ExtractorT2 mex
    77. Wind
    78. SkaterSkater
    79. Wind ×2
    80. SentrySentry
    81. Wind
    82. CorsairDestroyerdone 9:10 · typical 5:35
    83. Wind
    84. Mex
    85. Wind
    86. EllysawFrigate
    87. Wind ×4
    88. EllysawFrigate
    89. Wind ×2
    90. SentrySentry
    91. Wind
    92. EllysawFrigate
    93. SkaterSkater
    94. Wind
    95. Naval Radar / Sonar TowerNaval Radar / Sonar Tower
    96. Wind
    97. SkaterSkater
    98. Advanced Metal ExtractorT2 mex
    99. Wind ×3
    100. EllysawFrigate
    101. Con turret
    102. Wind ×2
    103. Metal storage
    104. Mex
    105. Wind ×3
    106. Con turret
    107. EllysawFrigate
    108. Wind ×2
    109. Con turret
    110. Wind ×2
    111. Con turret
    112. Mex
    113. EllysawFrigate
    114. Construction ShipCon ship
    115. CorsairDestroyer
    116. Advanced Metal ExtractorT2 mex
    117. Wind ×9
    118. Metal storage
    119. Bot LabBot Labdone 11:47
    120. Construction BotCon bot ×2
    121. Construction ShipCon ship
    122. Construction BotCon bot ×2
    123. Advanced ShipyardAdvanced Shipyarddone 12:21
    124. Construction BotCon bot
    125. Advanced Metal ExtractorT2 mex
    126. Naval Radar / Sonar TowerNaval Radar / Sonar Tower
    127. Construction BotCon bot
    128. Wind
    129. Construction BotCon bot
    130. Advanced Construction SubAdvanced Construction Sub
    131. Con turret ×2
    132. Wind
    133. Con turret
    134. Naval Radar / Sonar TowerNaval Radar / Sonar Tower
    135. Wind
    136. Con turret
    137. Wind
    138. Advanced Construction SubAdvanced Construction Sub
    139. Aircraft PlantAircraft Plantdone 12:58
    140. Wind
    141. StormbringerBomber
    142. Wind
    143. StormbringerBomber ×2
    144. Wind ×2
    145. StormbringerBomber ×4
    146. Wind ×2
    147. StormbringerBomber ×2
    148. Con turret ×2
    149. Wind ×2
    150. StormbringerBomber
    151. Advanced Geothermal PowerplantAdvanced Geothermal Powerplantnot finished by 15:00
    152. BeamerBeamer
    153. StormbringerBomber
    154. Wind ×4
    155. BeamerBeamer
    156. Wind ×2
    157. StormbringerBomber
    158. Wind ×8
    159. BeamerBeamer
    160. Wind
    161. Bot LabBot Labdone 14:18
    162. BeamerBeamer
    163. Wind ×4
    164. BeamerBeamer
    165. Wind
    166. StorkLight transport ×2
    167. Wind
    168. StorkLight transport
    169. Wind ×2
    170. StorkLight transport
    171. Wind
    172. StorkLight transport
    173. Wind ×4
    174. StormbringerBomber
    175. Wind

Counts are medians over the build's games: half of them build more, half fewer. The example game is haaven's (45 OS, 22/09/2026); pick another.

Team trades

IN AT LEAST 30% OF ITS GAMES

You hand over

  • Wind Turbine2 Wind to Air or Suicide frontfirst at 1:41 · in 65% of games

You get

  • Finch1 Finch from Airfirst at 1:51 · in 77% of games
  • Hercules1 Light transport from Airfirst at 2:04 · in 66% of games
  • Advanced Construction Bot1 T2 con bot from Techfirst at 7:42 · in 89% of games

How it plays out

Typical game of this build, running totals by minute

Metal produced

010k20k30k
0:005:0010:0015:00

metal

Enemy metal destroyed

05k10k
0:005:0010:0015:00

metal

Own metal lost

02.5k5k7.5k
0:005:0010:0015:00

metal

682 games.

Show as table
ByMetal produced: This buildEnemy metal destroyed: This buildOwn metal lost: This build
1:0039500
2:0092800
3:00160300
4:002934051
5:00414517574
6:005548541325
7:0071031018661
8:00877917921050
9:001067325581702
10:001296034202269
11:001569646803159
12:001870257163914
13:002210468594765
14:002580179875656
15:002914191246705
WHAT THE NUMBERS SAY

Standard Armada geo sea nearly matches Cortex's economy numbers but wins slightly more often at 53%.

  • + Metal produced reaches 28785 by 15:00, the highest of the sea builds
  • + Own metal lost of 6895 stays well under enemy metal destroyed's 9048
  • − Geothermal only lands in 58% of games by 7:34
  • − T2 factory completes in only 40% of games by 12:43
THE EXAMPLE YOU ARE READING

haaven

45.0 OS · 22/09/2026

Open source match ↗

3 received units · includes a constructor
2828 metal received · 151877 energy received

Allied construction assistance is unknown. Timings are observations, not a promise of solo reproducibility.

Typical milestones

Bot Lab1:12Middle 50%: 1:06–1:17 · n=663
Shipyard3:11Middle 50%: 2:50–3:36 · n=674
Eel4:22Middle 50%: 3:41–5:38 · n=413
Corsair5:35Middle 50%: 4:50–6:34 · n=632
Geothermal Powerplant7:45Middle 50%: 6:47–9:11 · n=423
Advanced Metal Extractor9:16Middle 50%: 8:36–10:06 · n=595

Played most by

Optimusprimenutt50games of this buildKingBenjai48games of this buildhaaven38games of this buildHummell32games of this buildRexalidus26games of this build